 Dungeon Crawl Stone Soup version 0.25.1-2-g60ff931df9 (webtiles) character file.

Game seed: 17375487601389077949

9123 Johnny the Impaler (level 10, 0/73 HPs)
             Began as a Demigod Gladiator on Aug 15, 2020.
             Slain by a minotaur
             ... wielding a +2 vorpal great sword
              (29 damage)
             ... in a Gauntlet.
             The game lasted 00:12:41 (10684 turns).

Johnny the Impaler (Demigod Gladiator)             Turns: 10684, Time: 00:12:41

Health: 0/73       AC: 18    Str: 29    XL:     10   Next: 99%
Magic:  13/13      EV: 10    Int: 12    God:
Gold:   405        SH:  0    Dex: 17    Spells: 9/9 levels left

rFire    . . .     SeeInvis .   C - +0 halberd
rCold    . . .     Gourm    .   (shield currently unavailable)
rNeg     . . .     Faith    .   A - +0 chain mail
rPois    .         Spirit   .   c - +0 helmet
rElec    .         Reflect  .   M - +0 cloak
rCorr    .         Harm     .   e - +0 pair of gloves
MR       +....     NoTele   +   o - +2 pair of boots
Stlth    ..........             K - amulet of the acrobat
HPRegen  0.22/turn              D - +4 ring of protection
MPRegen  0.13/turn              i - +6 ring of strength

@: mighty, brilliant
A: high mp 1
a: no special abilities


You were in a Gauntlet.
You were not hungry.

You visited 1 branch of the dungeon, and saw 11 of its levels.
You also visited: Gauntlet.

You collected 470 gold pieces.
You spent 65 gold pieces at shops.

Inventory:

Hand Weapons
 g - a +1 vorpal spear
 B - a +3 scythe of flaming
 C - a +0 halberd (weapon)
Missiles
 d - 3 throwing nets (quivered)
Armour
 c - a +0 helmet (worn)
 e - a +0 pair of gloves (worn)
 o - a +2 pair of boots (worn)
 A - a +0 chain mail (worn)
 M - a +0 cloak (worn)
Jewellery
 i - a +6 ring of strength (right hand)
 m - the amulet of Past Mistakes {Faith Dex+4, unknown}
   (You found it in a Gauntlet)

   [amulet of faith]

   It allows you to gain divine favour quickly.
   It affects your dexterity (+4).
 w - a +6 ring of dexterity
 y - an uncursed ring of positive energy
 D - a +4 ring of protection (left hand)
 K - an amulet of the acrobat (around neck)
Wands
 s - a wand of flame (44)
 H - a wand of enslavement (10)
 L - a wand of digging (12)
Scrolls
 b - 2 scrolls of enchant armour
 k - a scroll of fear
 l - 3 scrolls of blinking
 p - 4 scrolls of enchant weapon
 E - 2 scrolls of teleportation
 F - a scroll of remove curse
 G - 2 scrolls of amnesia
Potions
 h - 3 potions of ambrosia
 j - 3 potions of stabbing
 n - 3 potions of degeneration
 u - a potion of might
 x - 3 potions of curing
 z - a potion of cancellation
 I - a potion of mutation
 J - a potion of heal wounds
Comestibles
 f - 20 rations


   Skills:
 - Level 1.7 Fighting
 + Level 15.4 Polearms
 - Level 1.7 Throwing
 - Level 2.6 Dodging


You had 9 spell levels left.
You didn't know any spells.
Your spell library contained the following spells:

 Spells                   Type           Power        Failure   Level  Hunger
 Foxfire                  Conj/Fire      #...         90%         1    None
 Magic Dart               Conj           #...         90%         1    None
 Searing Ray              Conj           #.....       97%         2    None
 Confusing Touch          Hex            #.......     99%         3    None
 Conjure Flame            Conj/Fire      #.......     99%         3    None
 Dazzling Flash           Conj/Hex       #.....       99%         3    None
 Gell's Gravitas          Tloc           #.........   99%         3    None
 Inner Flame              Hex/Fire       #.......     99%         3    None
 Fulminant Prism          Conj/Hex       #.........   100%        4    None
 Iskenderun's Mystic Bla  Conj/Tloc      #.......     100%        4    None
 Petrify                  Tmut/Erth      #.......     100%        4    None
 Sticky Flame             Conj/Fire      #.......     100%        4    None
 Fireball                 Conj/Fire      #.........   100%        5    None
 Metabolic Englaciation   Hex/Ice        #.........   100%        5    None
 Yara's Violent Unravell  Hex/Tmut       #.........   100%        5    None


Dungeon Overview and Level Annotations

Branches:
Dungeon (11/15)            Temple (0/1) D:5            Lair (0/6) D:8
Gauntlet (1/1)
    Orc: D:9-12

Shops:
D:7 !

Annotations:
D:3 Pikel Gauntlet 8 transporters


Innate Abilities, Weirdness & Mutations

You have an increased reservoir of magic. (+10% MP)


Message History

The minotaur hits you with a +2 vorpal great sword!!
The minotaur gores you but does no damage.
You hit the minotaur but do no damage.
The minotaur is moderately wounded.
You slash the minotaur!
The minotaur is moderately wounded.
The minotaur hits you with a +2 vorpal great sword!
The minotaur gores you.
Attack whom?
Press: ? - help, Dir - move target cursor, f/p - minotaur
Aim: a minotaur, wielding a +2 vorpal great sword, wearing a +3 ring mail of cold resistance and quivering 16 silver javelins (moderately wounded)
You hit the minotaur but do no damage.
The minotaur is moderately wounded.
Attack whom?
Press: ? - help, Dir - move target cursor, f/p - minotaur
Aim: a minotaur, wielding a +2 vorpal great sword, wearing a +3 ring mail of cold resistance and quivering 16 silver javelins (moderately wounded)
You puncture the minotaur!
The minotaur is heavily wounded.
The minotaur hits you with a +2 vorpal great sword!!
You die...

# ###≈≈.P.##
#...##≈...#Y
#######.♣.###.P.#Y
#....##...##..♣.#Y
#.##.##.♣.#..P..#Y
#.##......#.♣P..#!
#.##.##.©.#.P...#[
#....##...#.....#.
#@##.##.©.#.....##
#≈∩...H.##......#..∩....
#≈≈.#.#.##.##.©.#.....##
#≈ #.#....##...#.....#.
# #.##.##.©.#.....#.
#.##......#.♣P..#.
#.##.##.♣.#..P..#©
#....##...##..♣.#!
#######.♣.###.P.#$


You could see a minotaur.

Vanquished Creatures
  Gastronok (D:8)
  A hydra (Gauntlet)
  A two-headed ogre (D:10)
  A queen ant (Gauntlet)
  A troll (D:10)
  A slime creature (D:10)
  2 hippogriffs
  Sigmund (D:4)
  A ynoxinul (Gauntlet)
  3 soldier ants (Gauntlet)
  A porcupine (D:8)
  3 slaves (D:4)
  4 orc warriors
  A sky beast (D:10)
  2 black bears
  2 ice beasts
  A phantom (D:4)
  4 ogres
  3 centaurs
  2 big kobolds
  6 bullfrogs
  3 scorpions
  7 killer bees
  A howler monkey (D:10)
  5 crimson imps
  A bullfrog zombie (D:5)
  A centaur zombie (D:9)
  2 iron imps (Gauntlet)
  5 jellies
  An orc priest (D:5)
  5 hounds
  6 orc wizards
  2 centaur skeletons
  Natasha (thrice) (D:4)
  2 iguanas
  5 worker ants
  A hound skeleton (D:6)
  6 gnolls
  A howler monkey skeleton (D:5)
  6 adders
  A shadow imp (D:6)
  3 adder skeletons
  An adder zombie (D:5)
  4 worms
  3 dart slugs
  3 leopard geckos
  19 orcs
  8 giant cockroaches
  9 goblins
  9 hobgoblins
  23 jackals
  3 quokkas (D:7)
  A ball python (D:5)
  4 bats
  4 frilled lizards
  9 kobolds
  A quokka zombie (D:8)
  A rat (D:1)
211 creatures vanquished.

Vanquished Creatures (collateral kills)
  An orc priest (D:9)
  3 orc wizards
  An orc (D:9)
5 creatures vanquished.

Vanquished Creatures (others)
  A fungus (D:8)
1 creature vanquished.

Grand Total: 217 creatures vanquished

Notes
Turn   | Place    | Note
-------+----------+-------------------------------------------
     0 | D:1      | Johnny the Demigod Gladiator began the quest for the Orb.
     0 | D:1      | Reached XP level 1. HP: 17/17 MP: 3/3
    57 | D:1      | Reached skill level 3 in Polearms
   236 | D:1      | Reached XP level 2. HP: 24/24 MP: 4/4
   777 | D:2      | Reached skill level 4 in Polearms
   777 | D:2      | Reached XP level 3. HP: 23/29 MP: 5/5
   847 | D:2      | Found a sacrificial altar of Ru.
   848 | D:2      | Found an ancient bone altar of Kikubaaqudgha.
   848 | D:2      | Found a glowing silver altar of Zin.
   848 | D:2      | Found a bloodstained altar of Trog.
   848 | D:2      | Found a basalt altar of Yredelemnul.
  1180 | D:2      | Reached XP level 4. HP: 36/36 MP: 6/6
  1693 | D:2      | Reached skill level 5 in Polearms
  2341 | D:3      | Reached XP level 5. HP: 41/41 MP: 7/7
  2455 | D:3      | Found a white marble altar of Elyvilon.
  3254 | D:4      | Noticed a black bear
  3265 | D:4      | Killed a black bear
  3265 | D:4      | Reached skill level 6 in Polearms
  3311 | D:4      | Noticed a phantom
  3327 | D:4      | Killed a phantom
  3327 | D:4      | Reached XP level 6. HP: 38/48 MP: 8/8
  3413 | D:4      | Noticed Natasha
  3420 | D:4      | Killed Natasha
  3499 | D:4      | Noticed Natasha
  3512 | D:4      | Killed Natasha
  3512 | D:4      | Reached skill level 7 in Polearms
  3526 | D:4      | Noticed Natasha
  3535 | D:4      | Killed Natasha
  3808 | D:4      | Noticed Sigmund
  3826 | D:4      | Killed Sigmund
  3826 | D:4      | Reached XP level 7. HP: 46/53 MP: 9/9
  3982 | D:5      | Entered Level 5 of the Dungeon
  3982 | D:5      | Noticed Pikel
  4428 | D:4      | Reached skill level 8 in Polearms
  4961 | D:5      | Reached skill level 9 in Polearms
  5237 | D:5      | Found a staircase to the Ecumenical Temple.
  5957 | D:7      | Found Ihafac's Distillery.
  5972 | D:7      | Bought a potion of heal wounds for 65 gold pieces
  6001 | D:7      | Reached XP level 8. HP: 60/60 MP: 10/10
  6385 | D:7      | Reached skill level 10 in Polearms
  7074 | D:8      | Reached skill level 11 in Polearms
  7182 | D:8      | Noticed Gastronok
  7427 | D:8      | Noticed a hippogriff
  7432 | D:8      | Killed a hippogriff
  7432 | D:8      | Reached XP level 9. HP: 53/67 MP: 11/11
  7759 | D:8      | Found a glowing golden altar of the Shining One.
  7918 | D:8      | Reached skill level 12 in Polearms
  8096 | D:8      | Found a staircase to the Lair.
  8133 | D:8      | Killed Gastronok
  8133 | D:8      | Reached skill level 13 in Polearms
  8290 | D:9      | Found a shattered altar of Ashenzari.
  8465 | D:9      | Reached XP level 10. HP: 52/73 MP: 13/13
  9094 | D:10     | Entered Level 10 of the Dungeon
  9094 | D:10     | Noticed a two-headed ogre
  9124 | D:10     | Killed a two-headed ogre
  9124 | D:10     | Reached skill level 14 in Polearms
  9621 | D:10     | Found a viscous altar of Jiyva.
  9780 | D:11     | Found a gate leading to a gauntlet.
  9784 | Gauntlet | Entered a Gauntlet
  9784 | Gauntlet | Found a transporter.
  9792 | Gauntlet | Found the +7 captain's cutlass {speed, disarm}
  9793 | Gauntlet | Found a transporter.
  9793 | Gauntlet | Found a transporter.
  9802 | Gauntlet | Found a transporter.
  9804 | Gauntlet | Found a transporter.
  9813 | Gauntlet | Found a transporter.
  9831 | Gauntlet | Found a transporter.
  9833 | Gauntlet | Noticed a death yak
  9833 | Gauntlet | Noticed a death yak
  9833 | Gauntlet | Noticed a death yak
  9834 | Gauntlet | Noticed a necromancer
  9834 | Gauntlet | Noticed a death yak
  9835 | Gauntlet | Noticed a death yak
  9841 | Gauntlet | Found a transporter.
  9844 | Gauntlet | Noticed a torpor snail
  9851 | Gauntlet | Found a transporter.
  9852 | Gauntlet | Noticed a fire crab
  9854 | Gauntlet | Noticed a seven-headed hydra
  9856 | Gauntlet | Found a transporter.
  9856 | Gauntlet | Found a transporter.
  9884 | Gauntlet | Found a transporter.
  9885 | Gauntlet | Found a transporter.
  9942 | Gauntlet | Found a transporter.
 10021 | Gauntlet | Noticed a queen ant
 10040 | Gauntlet | Killed a queen ant
 10040 | Gauntlet | Reached skill level 15 in Polearms
 10341 | Gauntlet | Got a flickering bronze amulet
 10388 | Gauntlet | Killed a seven-headed hydra
 10672 | Gauntlet | Noticed a minotaur
 10684 | Gauntlet | Slain by a minotaur

Illustrated notes

Levels and vault maps discovered:
D:1:      shiori_shiawase, layout_basic, minivault_4
D:2:      layout_loops_corners, grunt_temple_overflow_open
D:3:      layout_basic, elyvilon_altar_5
D:4:      black_bear_nest_1, layout_rooms, first_ration, uniq_natasha,
          uniq_sigmund
D:5:      layout_gridville, minmay_temple_entry_crystal_x, uniq_pikel
D:6:      layout_rooms, serial_corexii_hall, corexii_hall_statues_l,
          chequers_hall_statues_y, corexii_hall_statues_t
D:7:      layout_loops_cross, serial_shops, shop_statue
D:8:      layout_loops_ring, grunt_lair_entry_orc_guard_hut, blue_anna_alchemist
          [blue_anna_fruit_fields, blue_anna_fruit_fields],
          kennysheep_crisscross, nicolae_tso_swordbearing_angel, uniq_gastronok
D:9:      layout_small_grid, nicolae_ashenzari_panopticon
D:10:     layout_rooms, jiyva_altar_1
D:11:     layout_cave_pools, gauntlet_entry_generic
Gauntlet: minmay_gauntlet_77_tree [minmay_gauntlet_arena_77_chump_sandwich,
          minmay_gauntlet_arena_77_tiled_triplets,
          minmay_gauntlet_arena_77_mess, minmay_gauntlet_arena_77_braids,
          minmay_gauntlet_arena_77_museum, minmay_gauntlet_arena_77_box,
          minmay_gauntlet_arena_77_squiggly, gauntlet_exit_watery]

Skill      XL: |  1  2  3  4  5  6  7  8  9 10 |
---------------+-------------------------------+-----
Polearms       | 3 4 5 6 7 9 11 13 15 | 15.4
Fighting       | |  1.7
Throwing       | |  1.7
Dodging        | |  2.6

Action                   |  1- 3 |  4- 6 |  7- 9 | 10-12 || total
-------------------------+-------+-------+-------+-------++-------
Melee: Trident           |   108 |    53 |       |       ||   161
       Spear             |       |   178 |    73 |     8 ||   259
       Halberd           |       |       |   283 |   196 ||   479
       Scythe            |       |       |    28 |       ||    28
Throw: Throwing net      |       |       |       |     2 ||     2
Evoke: Wand              |       |       |     8 |     1 ||     9
  Use: Scroll            |       |       |    17 |     4 ||    21
       Potion            |       |       |       |     5 ||     5
 Stab: Sleeping          |     3 |     2 |       |       ||     5
       Distracted        |     1 |       |       |       ||     1
       Invisible         |       |       |       |     1 ||     1
  Eat: Chunk             |     1 |     5 |    12 |     4 ||    22
       Ration            |       |     1 |     1 |     1 ||     3
Armor: Leather armour    |    32 |    30 |       |       ||    62
       Scale mail        |       |    52 |       |       ||    52
       Chain mail        |       |       |   190 |    97 ||   287
Dodge: Dodged            |    54 |   109 |   178 |    91 ||   432
